BR (22 & UNDER)
QUINCY DOUGHBOYS @ ELKINS STING RAYS
08/20/2029
 
TOP OF THE 1ST
Quincy Doughboys batting - Pitching for Elkins Sting Rays : RHP Juan Martínez
Pitching: RHP Juan Martínez
Batting: RHB Lewis Childress 0-0: Fly out, F7 (Flyball, 7)
Batting: RHB Ramiro Villescaz 0-0: Ball
1-0: Foul Ball, location: 2F
1-1: Ground out 6-3 (Groundball, 6)
Batting: RHB Pedro Cuevas 0-0: Ball
1-0: Ball
2-0: Called Strike
2-1: Ball
3-1: Ground out 5-3 (Groundball, 56)
Top of the 1st over - 0 runs, 0 hits, 0 errors, 0 left on base; Quincy 0 - Elkins 0
BOTTOM OF THE 1ST
Elkins Sting Rays batting - Pitching for Quincy Doughboys : RHP Bradley Baxter
Pitching: RHP Bradley Baxter
Batting: RHB Felipe Hernández 0-0: Ball
1-0: Swinging Strike
1-1: Ground out 5-3 (Groundball, 56S)
Batting: LHB Preston Hamilton 0-0: Ground out 4-3 (Groundball, 34D)
Batting: RHB Félix Chávez 0-0: Fly out, F4 (Flyball, 34D)
Bottom of the 1st over - 0 runs, 0 hits, 0 errors, 0 left on base; Quincy 0 - Elkins 0
TOP OF THE 2ND
Quincy Doughboys batting - Pitching for Elkins Sting Rays : RHP Juan Martínez
Batting: LHB Rob Johnson 0-0: Called Strike
0-1: Swinging Strike
0-2: Ground out 5-3 (Groundball, 56)
Batting: RHB Louis Miller 0-0: Swinging Strike
0-1: Swinging Strike
0-2: Foul Ball, location: 2F
0-2: Strikes out swinging
Batting: RHB Miguel Martínez 0-0: TRIPLE (Flyball, 9D)
Batting: LHB Buddy Jones 0-0: SINGLE (Groundball, 34D)
Miguel Martínez scores
Batting: RHB Melvin Matthews 0-0: Foul Ball, location: 2F
0-1: Foul Ball, location: 2F
0-2: Foul Ball, location: 2F
0-2: Ball
1-2: Strikes out looking
Top of the 2nd over - 1 run, 2 hits, 0 errors, 1 left on base; Quincy 1 - Elkins 0
BOTTOM OF THE 2ND
Elkins Sting Rays batting - Pitching for Quincy Doughboys : RHP Bradley Baxter
Batting: LHB Carlos Músquez 0-0: Ball
1-0: Ball
2-0: Ball
3-0: Called Strike
3-1: Called Strike
3-2: Foul Ball, location: 2F
3-2: Base on Balls
Batting: RHB Pietro Ciccoritti 0-0: SINGLE (Groundball, 5S) (infield hit)
Carlos Músquez to second
Batting: RHB Wayne Hanson 0-0: Foul Ball, location: 2F
0-1: SINGLE (Groundball, 6MD)
Carlos Músquez to third
Pietro Ciccoritti to second
Runner from 3rd tries for Home, SAFE, no throw
Batting: RHB Juan González 0-0: Foul Ball, location: 2F
0-1: Grounds into DOUBLE play, U5-4-3
0-1: Grounds into DOUBLE play, U5-4-3 (Groundball, 5L)
Batting: SHB Pete Fields 0-0: Ball
1-0: Swinging Strike
1-1: Ball
2-1: Swinging Strike
2-2: Strikes out swinging
Bottom of the 2nd over - 1 run, 2 hits, 0 errors, 1 left on base; Quincy 1 - Elkins 1
TOP OF THE 3RD
Quincy Doughboys batting - Pitching for Elkins Sting Rays : RHP Juan Martínez
Batting: LHB Esteban Pérez 0-0: Called Strike
0-1: Ball
1-1: Swinging Strike
1-2: Ball
2-2: Strikes out swinging
Batting: RHB Lewis Childress 0-0: Called Strike
0-1: Swinging Strike
0-2: Fly out, F8 (Flyball, 8LS)
Batting: RHB Ramiro Villescaz 0-0: Ball
1-0: SINGLE (Flyball, 7LS)
Batting: RHB Pedro Cuevas 0-0: Called Strike
Ramiro Villescaz steals 2nd base
0-1: Ball
1-1: Fly out, F4 (Line Drive, 4)
Top of the 3rd over - 0 runs, 1 hit, 0 errors, 1 left on base; Quincy 1 - Elkins 1
BOTTOM OF THE 3RD
Elkins Sting Rays batting - Pitching for Quincy Doughboys : RHP Bradley Baxter
Batting: RHB Pedro Betancourt 0-0: Ball
1-0: Called Strike
1-1: Ball
2-1: Ball
3-1: Base on Balls
Batting: RHB Felipe Hernández 0-0: Ball
Pedro Betancourt is caught stealing 2nd base
1-0: Swinging Strike
1-1: Ball
2-1: Ball
3-1: Foul Ball, location: 2F
3-2: Base on Balls
Batting: LHB Preston Hamilton 0-0: Called Strike
0-1: Ball
1-1: Ball
2-1: Grounds into double play, 1-6-3 (Groundball, P)
Bottom of the 3rd over - 0 runs, 0 hits, 0 errors, 0 left on base; Quincy 1 - Elkins 1
TOP OF THE 4TH
Quincy Doughboys batting - Pitching for Elkins Sting Rays : RHP Juan Martínez
Batting: LHB Rob Johnson 0-0: Foul Ball, location: 2F
0-1: Ball
1-1: Ball
2-1: Foul Ball, location: 2F
2-2: Ball
3-2: Foul Ball, location: 2F
3-2: Base on Balls
Batting: RHB Louis Miller 0-0: Ball
1-0: Ball
2-0: Ball
3-0: Base on Balls
Rob Johnson to second
Batting: RHB Miguel Martínez 0-0: Ball
1-0: SINGLE (Groundball, 34D)
Rob Johnson to third
Louis Miller to second
Runner from 3rd tries for Home, throw and OUT!
Louis Miller to third
Miguel Martínez to second
Batting: LHB Buddy Jones 0-0: Ground out 1-3 (Groundball, 13)
Batting: RHB Melvin Matthews 0-0: Ball
1-0: Ground out 1-3 (Groundball, 15S)
Top of the 4th over - 0 runs, 1 hit, 0 errors, 2 left on base; Quincy 1 - Elkins 1
BOTTOM OF THE 4TH
Elkins Sting Rays batting - Pitching for Quincy Doughboys : RHP Bradley Baxter
Batting: RHB Félix Chávez 0-0: Ball
1-0: Swinging Strike
1-1: Foul Ball, location: 2F
1-2: Ball
2-2: Fly out, F9 (Flyball, 9S)
Batting: LHB Carlos Músquez 0-0: Ball
1-0: Ground out 5-3 (Groundball, 6)
Batting: RHB Pietro Ciccoritti 0-0: Ball
1-0: DOUBLE (Flyball, 7D)
Batting: RHB Wayne Hanson 0-0: Ball
1-0: Called Strike
1-1: Fly out, F8 (Flyball, 8RM)
Bottom of the 4th over - 0 runs, 1 hit, 0 errors, 1 left on base; Quincy 1 - Elkins 1
TOP OF THE 5TH
Quincy Doughboys batting - Pitching for Elkins Sting Rays : RHP Juan Martínez
Batting: LHB Esteban Pérez 0-0: Fly out, F9 (Flyball, 9D)
Batting: RHB Lewis Childress 0-0: Ball
1-0: Called Strike
1-1: Ball
2-1: Ball
3-1: Base on Balls
Batting: RHB Ramiro Villescaz 0-0: Ball
1-0: Called Strike
1-1: Ball
2-1: Ball
3-1: Base on Balls
Lewis Childress to second
Batting: RHB Pedro Cuevas 0-0: Ball
1-0: Swinging Strike
1-1: Swinging Strike
1-2: Ball
2-2: Strikes out looking
Batting: LHB Rob Johnson 0-0: Ball
1-0: Ball
2-0: Called Strike
2-1: Foul Ball, location: 2F
2-2: Strikes out swinging
Top of the 5th over - 0 runs, 0 hits, 0 errors, 2 left on base; Quincy 1 - Elkins 1
BOTTOM OF THE 5TH
Elkins Sting Rays batting - Pitching for Quincy Doughboys : RHP Bradley Baxter
Batting: RHB Juan González 0-0: Ball
1-0: Foul Ball, location: 2F
1-1: Called Strike
1-2: Ball
2-2: Ball
3-2: Base on Balls
Pitching: RHP Sylvain Leroy
Batting: SHB Pete Fields 0-0: SINGLE (Line Drive, 7LS)
Juan González to second
Batting: RHB Pedro Betancourt 0-0: Ball
1-0: Ball
2-0: Fly out, F7 (Flyball, 7)
Batting: RHB Felipe Hernández 0-0: Fly out, F8 (Flyball, 78D)
Batting: LHB Preston Hamilton 0-0: Called Strike
0-1: Ball
1-1: Fly out, F8 (Flyball, 8LD)
Bottom of the 5th over - 0 runs, 1 hit, 0 errors, 2 left on base; Quincy 1 - Elkins 1
TOP OF THE 6TH
Quincy Doughboys batting - Pitching for Elkins Sting Rays : RHP Juan Martínez
Batting: RHB Louis Miller 0-0: Fly out, F6 (Flyball, 56D)
Batting: RHB Miguel Martínez 0-0: SINGLE (Line Drive, 4MD)
Batting: LHB Buddy Jones 0-0: Called Strike
0-1: DOUBLE (Flyball, 8RXD)
Miguel Martínez to third
Runner from 3rd tries for Home, SAFE, throw made at trailing runner, OUT at third!
Batting: RHB Melvin Matthews 0-0: Called Strike
0-1: Ball
1-1: Ball
2-1: Foul Ball, location: 2F
2-2: Ball
3-2: Foul Ball, location: 2F
3-2: Fly out, F8 (Flyball, 89D)
Top of the 6th over - 1 run, 2 hits, 0 errors, 0 left on base; Quincy 2 - Elkins 1
BOTTOM OF THE 6TH
Elkins Sting Rays batting - Pitching for Quincy Doughboys : RHP Sylvain Leroy
Batting: RHB Félix Chávez 0-0: Called Strike
0-1: Ball
1-1: Foul Ball, location: 2F
1-2: Fly out, F9 (Flyball, 9LM)
Batting: LHB Carlos Músquez 0-0: Ball
1-0: Called Strike
1-1: Ball
2-1: Fly out, F8 (Flyball, 8LS)
Batting: RHB Pietro Ciccoritti 0-0: Called Strike
0-1: Ground out 6-3 (Groundball, 6M)
Bottom of the 6th over - 0 runs, 0 hits, 0 errors, 0 left on base; Quincy 2 - Elkins 1
TOP OF THE 7TH
Quincy Doughboys batting - Pitching for Elkins Sting Rays : RHP Juan Martínez
Pitching: RHP Howard Everett
Batting: LHB Esteban Pérez 0-0: Ball
1-0: Called Strike
1-1: Ball
2-1: Foul Ball, location: 2F
2-2: Strikes out swinging
Batting: RHB Lewis Childress 0-0: Foul Ball, location: 2F
0-1: Ground out 1-3 (Groundball, 13)
Batting: RHB Ramiro Villescaz 0-0: Called Strike
0-1: Swinging Strike
0-2: Strikes out looking
Top of the 7th over - 0 runs, 0 hits, 0 errors, 0 left on base; Quincy 2 - Elkins 1
BOTTOM OF THE 7TH
Elkins Sting Rays batting - Pitching for Quincy Doughboys : RHP Sylvain Leroy
Now in LF: Raúl Luna
Batting: RHB Wayne Hanson 0-0: Called Strike
0-1: Swinging Strike
0-2: Ball
1-2: Ball
2-2: Ball
3-2: Foul Ball, location: 2F
3-2: Ground out 5-3 (Groundball, 56)
Batting: RHB Juan González 0-0: Ball
1-0: Called Strike
1-1: Ball
2-1: Foul Ball, location: 2F
2-2: Foul Ball, location: 2F
2-2: Ground out 5-3 (Groundball, 56)
Batting: SHB Pete Fields 0-0: Called Strike
0-1: Fly out, F7 (Flyball, 7D)
Bottom of the 7th over - 0 runs, 0 hits, 0 errors, 0 left on base; Quincy 2 - Elkins 1
TOP OF THE 8TH
Quincy Doughboys batting - Pitching for Elkins Sting Rays : RHP Howard Everett
Batting: RHB Pedro Cuevas 0-0: SINGLE (Groundball, 34D)
Pinch Runner at 1st Ben Martin:
Pinch Hitting: SHB David Bennett 0-0: Ball
Ben Martin steals 2nd base
1-0: Intentional Walk
Pinch Hitting: RHB Luis Díaz 0-0: Swinging Strike
0-1: Called Strike
0-2: Strikes out swinging
Batting: RHB Miguel Martínez 0-0: Foul Ball, location: 2F
0-1: Ball
1-1: Foul Ball, location: 2F
1-2: Strikes out swinging
Batting: LHB Buddy Jones 0-0: 3-RUN HOME RUN (Flyball, 9D), Distance : 376 ft
Pitching: RHP Rafael Golaio
Batting: RHB Melvin Matthews 0-0: Called Strike
0-1: Swinging Strike
0-2: Ball
1-2: Foul Ball, location: 2F
1-2: Ball
2-2: Strikes out swinging
Top of the 8th over - 3 runs, 2 hits, 0 errors, 0 left on base; Quincy 5 - Elkins 1
BOTTOM OF THE 8TH
Elkins Sting Rays batting - Pitching for Quincy Doughboys : RHP Sylvain Leroy
Now at 2B: Ben Martin
Now in RF: Luis Díaz
Batting: RHB Pedro Betancourt 0-0: Called Strike
Now at 2B: Henry Rose 0-1: Ball
1-1: Ball
2-1: Ground out 1-3 (Groundball, 13S)
Batting: RHB Felipe Hernández 0-0: Foul Ball, location: 2F
0-1: Ball
1-1: Ground out 5-3 (Groundball, 56)
Batting: LHB Preston Hamilton 0-0: Ball
1-0: Called Strike
1-1: Swinging Strike
1-2: Ground out 6-3 (Groundball, 6)
Bottom of the 8th over - 0 runs, 0 hits, 0 errors, 0 left on base; Quincy 5 - Elkins 1
TOP OF THE 9TH
Quincy Doughboys batting - Pitching for Elkins Sting Rays : RHP Rafael Golaio
Pitching: LHP Juan Ortíz
Batting: LHB Raúl Luna 0-0: Ball
1-0: Foul Ball, location: 2F
1-1: Called Strike
1-2: Ball
2-2: Ball
3-2: Foul Ball, location: 2F
3-2: Base on Balls
Batting: RHB Lewis Childress 0-0: Bunted foul
0-1: Sac Bunt - play at first, batter OUT! 2-4
Raúl Luna to second
Batting: RHB Ramiro Villescaz 0-0: Intentional Walk
Batting: RHB Ben Martin 0-0: Ball
Raúl Luna steals 3rd base
Ramiro Villescaz to second
1-0: Ball
2-0: Foul Ball, location: 2F
2-1: Ball
3-1: Fly out, F9 (Flyball, 89S)
Batting: RHB Henry Rose 0-0: Ground out 3-1 (Groundball, 34S)
Top of the 9th over - 0 runs, 0 hits, 0 errors, 2 left on base; Quincy 5 - Elkins 1
BOTTOM OF THE 9TH
Elkins Sting Rays batting - Pitching for Quincy Doughboys : RHP Sylvain Leroy
Batting: RHB Félix Chávez 0-0: Foul Ball, location: 2F
0-1: Ball
1-1: SINGLE (Groundball, 56S) (infield hit)
Batting: LHB Carlos Músquez 0-0: Ball
1-0: Ball
2-0: Called Strike
2-1: Ball
3-1: Foul Ball, location: 2F
3-2: Base on Balls
Félix Chávez to second
Pitching: RHP José Reyes
Batting: RHB Pietro Ciccoritti 0-0: Swinging Strike
0-1: Swinging Strike
0-2: Ball
1-2: Strikes out swinging
Batting: RHB Wayne Hanson 0-0: Ball
1-0: Swinging Strike
1-1: Fly out, F9 (Flyball, 9LM)
Batting: RHB Juan González 0-0: Fly out, F9 (Flyball, 9D)
Bottom of the 9th over - 0 runs, 1 hit, 0 errors, 2 left on base; Quincy 5 - Elkins 1
Saturday, December 16th, 2017 - OOTP Baseball 18.8 Build 76